 Dungeon Crawl Stone Soup version 0.27.0-1-g7a089689b8 (webtiles) character file.

Game seed: 10433791564136005885

4621 Sin92 the Cleaver (level 10, -7/115 HPs)
             Began as a Demonspawn Fighter on Aug 5, 2021.
             Splashed by Maurice's acid (9 damage)
             ... on level 8 of the Dungeon.
             The game lasted 00:08:56 (7104 turns).

Sin92 the Cleaver (Demonspawn Fighter)              Turns: 7104, Time: 00:08:57

Health: -7/115     AC: 17    Str: 16 (17) XL:     10   Next: 19%
Magic:  10/10      EV:  2    Int:  7 (9)  God:
Gold:   257        SH: 11    Dex: 14 (16) Spells: 9/9 levels left

rFire    . . .     SeeInvis .   n - +2 war axe (drain)
rCold    . . .     Faith    .   c - +1 kite shield
rNeg     + + +     Spirit   .   (armour currently unavailable)
rPois    +         Reflect  .   (helmet currently unavailable)
rElec    .         Harm     .   (cloak currently unavailable)
rCorr    .         Rampage  .   (gloves currently unavailable)
Will     .....     NoTele   +   (boots currently unavailable)
Stlth    +.........             y - amulet of regeneration
HPRegen  1.29/turn              h - ring of poison resistance
MPRegen  0.12/turn              w - ring of flight

@: tree-form, marked, corroded, hasted, very quick
A: stationary, stasis, torment immunity, boosted hp, (antennae 1), (thin
metallic scales 1), ignite blood 1, (spiny 3)
a: no special abilities


You were on level 8 of the Dungeon.
You were a tree.
You visited 2 branches of the dungeon, and saw 9 of its levels.

You collected 421 gold pieces.
You spent 164 gold pieces at shops.

Inventory:

Hand Weapons
 n - a +2 war axe of draining (weapon)
Missiles
 t - 4 throwing nets (quivered)
Armour
 b - a +0 scale mail
 c - a +1 kite shield (worn)
 j - a +3 chain mail (melded)
 v - a +0 pair of boots (melded)
Jewellery
 f - a +6 ring of intelligence
 h - a ring of poison resistance (left branch)
 w - a ring of flight (right branch)
 y - an amulet of regeneration (around neck)
Wands
 i - a wand of digging (5)
 m - a wand of mindburst (10)
 q - a wand of flame (26)
 s - a wand of acid (9)
 A - a wand of charming (10)
 B - a wand of paralysis (4)
Scrolls
 p - a scroll of fear
 u - a scroll of identify
 C - a scroll of blinking
Potions
 d - 2 potions of might
 k - a potion of degeneration
 z - a potion of lignification


   Skills:
 + Level 6.8 Fighting
 * Level 8.2 Axes
 + Level 6.1 Armour
 + Level 5.4 Dodging
 + Level 6.2 Shields


You had 9 spell levels left.
You didn't know any spells.
Your spell library contained the following spells:

 Spells                   Type           Power      Damage    Failure   Level
 Static Discharge         Conj/Air       0%         N/A       91%         2
 Sublimation of Blood     Necr           0%         N/A       91%         2
 Wereblood                Tmut           0%         N/A       91%         2
 Gell's Gravitas          Tloc           0%         N/A       99%         3
 Lesser Beckoning         Tloc           0%         N/A       99%         3
 Stone Arrow              Conj/Erth      0%         3d7       99%         3
 Teleport Other           Tloc           0%         N/A       99%         3
 Tukima's Dance           Hex            0%         N/A       99%         3
 Animate Armour           Summ/Erth      0%         N/A       100%        4
 Passage of Golubria      Tloc           N/A        N/A       100%        4
 Lightning Bolt           Conj/Air       0%         1d11      100%        5
 Yara's Violent Unravell  Hex/Tmut       0%         3d3       100%        5
 Summon Hydra             Summ           0%         N/A       100%        7
 Lehudib's Crystal Spear  Conj/Erth      0%         10d2      100%        8
 Maxwell's Capacitive Co  Air            0%         ∞         100%        8


Dungeon Overview and Level Annotations

Branches:
Dungeon (8/15)             Temple (1/1) D:5
   Lair: D:8-11

Altars:
Cheibriados
Elyvilon
Fedhas
Hepliaklqana
Kikubaaqudgha
Makhleb
Nemelex Xobeh
Qazlal
Ru
Sif Muna
Trog
Vehumet
Wu Jian
Xom
Yredelemnul
Zin
The Shining One

Shops:
D:1 *   D:6 ?

Annotations:
D:8 Maurice


Innate Abilities, Weirdness & Mutations

You are a tree.
Your roots penetrate the ground, keeping you stationary.
You cannot be teleported.
You are immune to unholy pain and torment.
Your maximum health is greatly increased.
Your equipment is partially melded.
((You have a pair of small antennae on your head.))
((You are partially covered in thin metallic scales. (AC +2)))
Your demonic aura sometimes causes spilled blood to erupt in flames.
((You are completely covered in sharp spines.))


Message History

You hit something. Something hits you.
* * * LOW HITPOINT WARNING * * *
Something steals your ring of wizardry! Something hits you.
* * * LOW HITPOINT WARNING * * *
Something steals your 2 potions of brilliance!
Unknown command.
It was a potion of curing.
You feel better. Something hits you!
* * * LOW HITPOINT WARNING * * *
Something steals your +1 war axe!
It was a potion of degeneration.
There was something very wrong with that liquid.
You feel weakened.
You feel dopey.
You feel clumsy.
You hear a zap.
A bolt of acid appears from out of thin air!
The bolt of acid misses you.
It was a potion of haste.
You feel yourself speed up. Something hits you but does no damage.
It was a potion of lignification.
You turn into a tree.
Your +0 pair of boots melds into your body.
Your +3 chain mail melds into your body.
Your roots penetrate the ground.
It was a potion of magic.
Magic courses through your body.
You hear a zap.
A bolt of acid appears from out of thin air!
The bolt of acid hits you.
* * * LOW HITPOINT WARNING * * *
The acid corrodes you!
You are splashed with acid!
* * * LOW HITPOINT WARNING * * *
You feel better.
You feel better. Something hits you.
* * * LOW HITPOINT WARNING * * *
Something steals your 2 scrolls of teleportation!
Unknown command.
You closely miss something.
You hear a zap.
A bolt of acid appears from out of thin air!
The bolt of acid hits you!
* * * LOW HITPOINT WARNING * * *
The acid corrodes you!
You are splashed with acid!
You die...

#.......)#.
#.........####.....).
#.........# #.......
#..#####..# #.......
#..#(??#..# #.......
#..#()(#..# #.......
#..#():#..# #.......
###..#####..# #.......
#....{♣.....# #.......
#...........####.......
#....###.......#.......
#.... #.......#.......
#.... #.......'.......
#........#######.......
#.....#### #.#####.
###.. #.# ##. #.# #..


There were no monsters in sight!

Vanquished Creatures
  Harold (D:8)
  Maggie (D:7)
  A komodo dragon (D:7)
  6 yaks (D:8)
  A steam dragon (D:8)
  A water moccasin (D:6)
  Duvessa (D:4)
  3 black bears (D:6)
  2 orc warriors
  3 centaurs
  An ogre (D:7)
  2 bullfrogs
  A scorpion (D:5)
  Dowan (D:4)
  A water moccasin zombie (D:5)
  2 howler monkeys (D:7)
  A bullfrog zombie (D:5)
  3 centaur zombies
  2 hounds
  4 orc priests
  Jessica (D:3)
  6 iguanas
  Natasha (thrice) (D:4)
  7 orc wizards
  Robin (D:4)
  7 gnolls (D:3)
  7 adders
  A shadow imp (D:7)
  A white imp (D:7)
  An ufetubus (D:6)
  An adder skeleton (D:4)
  2 dart slugs
  28 orcs
  4 ball pythons
  7 endoplasms
  6 giant cockroaches
  13 goblins
  16 hobgoblins
  18 jackals
  2 quokkas
  3 bats
  3 frilled lizards
  13 kobolds
  10 rats
199 creatures vanquished.

Notes
Turn   | Place    | Note
-------+----------+-------------------------------------------
     0 | D:1      | Sin92 the Demonspawn Fighter began the quest for the Orb.
     0 | D:1      | Reached XP level 1. HP: 18/18 MP: 1/1
   184 | D:1      | Reached skill level 2 in Axes
   197 | D:1      | Gained mutation: You have a pair of small antennae on your
                  | head. [demonic ancestry]
   197 | D:1      | Reached XP level 2. HP: 14/24 MP: 2/2
   790 | D:1      | Found Mifu Gaha's Assorted Antiques.
   983 | D:1      | Gained mutation: You are partially covered in sharp spines.
                  | [demonic ancestry]
   983 | D:1      | Reached XP level 3. HP: 27/29 MP: 3/3
  1497 | D:2      | Reached skill level 1 in Dodging
  1832 | D:2      | Gained mutation: You are mostly covered in sharp spines.
                  | [demonic ancestry]
  1832 | D:2      | Reached XP level 4. HP: 35/35 MP: 4/4
  2314 | D:3      | Noticed Jessica
  2315 | D:3      | Killed Jessica
  2316 | D:3      | Reached skill level 3 in Axes
  2432 | D:3      | Gained mutation: You are completely covered in sharp
                  | spines. [demonic ancestry]
  2432 | D:3      | Reached XP level 5. HP: 40/41 MP: 5/5
  2856 | D:3      | Found a radiant altar of Vehumet.
  3442 | D:4      | Reached XP level 6. HP: 43/48 MP: 6/6
  3580 | D:4      | Noticed Robin
  3589 | D:4      | Noticed Dowan
  3590 | D:4      | Noticed Duvessa
  3595 | D:4      | Killed Robin
  3600 | D:4      | Killed Duvessa
  3601 | D:4      | Reached skill level 4 in Axes
  3605 | D:4      | Killed Dowan
  3944 | D:4      | Noticed Natasha
  3949 | D:4      | Killed Natasha
  3950 | D:4      | Reached XP level 7. HP: 54/54 MP: 7/7
  4046 | D:4      | Noticed Natasha
  4051 | D:4      | Killed Natasha
  4305 | D:4      | Noticed Natasha
  4312 | D:4      | Killed Natasha
  4425 | D:5      | Entered Level 5 of the Dungeon
  4932 | D:5      | Found a staircase to the Ecumenical Temple.
  4949 | Temple   | Entered the Ecumenical Temple
  5229 | D:6      | Reached skill level 5 in Axes
  5251 | D:6      | Reached XP level 8. HP: 61/61 MP: 8/8
  5432 | D:6      | Reached skill level 5 in Fighting
  5549 | D:6      | Identified the +2 helmet of Toeleona {Int+4 Dex+6}
  5555 | D:6      | Reached skill level 6 in Axes
  5742 | D:6      | Found Xaodeej's Magic Scroll Shop.
  5751 | D:6      | Bought a scroll of enchant weapon for 82 gold pieces
  5751 | D:6      | Bought a scroll of enchant armour for 82 gold pieces
  5967 | D:7      | Noticed Maggie
  5978 | D:7      | Killed Maggie
  5979 | D:7      | Reached skill level 5 in Armour
  5979 | D:7      | Reached skill level 5 in Shields
  5979 | D:7      | Gained mutation: Your demonic aura sometimes causes spilled
                  | blood to erupt in flames. [demonic ancestry]
  5979 | D:7      | Reached XP level 9. HP: 58/68 MP: 9/9
  6107 | D:7      | Noticed a komodo dragon
  6113 | D:7      | Killed a komodo dragon
  6358 | D:7      | Reached skill level 7 in Axes
  6677 | D:7      | Found a sparkling altar of Nemelex Xobeh.
  6872 | D:8      | Reached skill level 5 in Dodging
  6996 | D:8      | Noticed Harold
  7002 | D:8      | Paralysed by Harold for 7 turns
  7011 | D:8      | Killed Harold
  7012 | D:8      | Reached skill level 8 in Axes
  7012 | D:8      | Gained mutation: You are partially covered in thin metallic
                  | scales. (AC +2) [demonic ancestry]
  7012 | D:8      | Reached XP level 10. HP: 44/77 MP: 10/10
  7078 | D:8      | Noticed Maurice
  7101 | D:8      | HP: 2/115 [acid (12)]
  7104 | D:8      | Splashed by Maurice's acid

Illustrated notes

Levels and vault maps discovered:
D:1:      ebering_trefoil_twist, layout_basic, serial_shops, shop
D:2:      layout_basic
D:3:      wad_river_or_something, layout_basic, mainiacjoe_overflow_chevrons,
          uniq_jessica
D:4:      layout_rooms, uniq_duvessa, uniq_robin, uniq_natasha
D:5:      layout_gridville, minmay_temple_entry_junction,
          kennysheep_generic_room_3
D:6:      layout_basic, serial_shops, shop
D:7:      layout_gridville, nemelex_dance_club_becter, hangedman_decor_lopped,
          uniq_maggie
D:8:      layout_basic, mainiacjoe_overflow_alcove_2, due_unseen_surprise,
          uniq_maurice, uniq_harold, uniq_erica
Temple:   minmay_temple_curvy_branch

Skill      XL: |  1  2  3  4  5  6  7  8  9 |
---------------+----------------------------+-----
Axes           | 2 3 4 5 6 8 |  8.2
Shields        | 3 4 5 6 |  6.2
Armour         | 3 4 5 6 |  6.1
Dodging        | 1 2 3 4 5 |  5.4
Fighting       | 4 5 6 |  6.8

Action                   |  1- 3 |  4- 6 |  7- 9 | 10-12 || total
-------------------------+-------+-------+-------+-------++-------
Melee: War axe           |   119 |   106 |   174 |    12 ||   411
  Use: Scroll            |     6 |     2 |    11 |       ||    19
       Potion            |       |     1 |       |     7 ||     8
Armor: Scale mail        |    77 |    18 |       |       ||    95
       Chain mail        |       |    31 |    94 |     8 ||   133
Dodge: Dodged            |    47 |    25 |    40 |     2 ||   114
Block: Kite shield       |    66 |    76 |   118 |     4 ||   264
